 Dungeon Crawl Stone Soup version 0.30-a0-800-g7c544603b3 (webtiles) character file.

Game seed: 9304320748801754439

21 gelatine the Firebug (level 2, -3/19 HPs)
             Began as a Demonspawn Fire Elementalist on Feb 22, 2023.
             Slain by Sigmund
             ... wielding a +4 scythe of protection
              (8 damage)
             ... on level 2 of the Dungeon.
             The game lasted 00:01:38 (1276 turns).

gelatine the Firebug (Demonspawn Fire Elementalist) Turns: 1276, Time: 00:01:39

Health: -3/19      AC:  2    Str:  8    XL:     2   Next: 65%
Magic:  3/5        EV: 12    Int: 16    God:
Gold:   42         SH:  0    Dex: 13    Spells: 4/5 levels left

rFire   . . .      SeeInvis .    (no weapon)
rCold   . . .      Faith    .    (no shield)
rNeg    . . .      Spirit   .    a - +0 robe
rPois   .          Reflect  .    (no helmet)
rElec   .          Harm     .    (no cloak)
rCorr   .          Rampage  .    (no gloves)
Will    .....                    (no boots)
Stlth   ++                       (no amulet)
HPRegen 0.23/turn                (no ring)
MPRegen 0.09/turn                (no ring)

@: no status effects
A: weakness stinger 1
a: no special abilities


You were on level 2 of the Dungeon.
You visited 1 branch of the dungeon, and saw 2 of its levels.

You collected 42 gold pieces.

Inventory:

Armour
 a - a +0 robe (worn)
Jewellery
 e - an amulet of faith
Scrolls
 c - a scroll of identify {unknown}
 f - a scroll of noise {unknown}
Potions
 b - a potion of magic
 d - a potion of cancellation {unknown}
 g - a potion of curing {unknown}


   Skills:
 + Level 1.8 Dodging
 + Level 1.8 Stealth
 + Level 0.5 Unarmed Combat
 + Level 2.2 Spellcasting
 + Level 1.0 Conjurations
 + Level 3.2 Fire Magic


You had 4 spell levels left.
You knew the following spells:

 Your Spells              Type           Power      Damage    Failure   Level
a - Foxfire               Conj/Fire      32%        2x1d5     9%          1

Your spell library contained the following spells:

 Spells                   Type           Power      Damage    Failure   Level
 Scorch                   Fire           24%        2d6       8%          2
 Inner Flame              Hex/Fire       7%         N/A       30%         3
 Kindle Blastsparks       Fire/Tloc/Air  10%        2d10      36%         3
 Flame Wave               Conj/Fire      8%         2d5       63%         4


Dungeon Overview and Level Annotations

Branches:
Dungeon (2/15)

Altars:

Annotations:
D:2 Sigmund


Innate Abilities, Weirdness & Mutations

You have a small tail.


Message History

Found a stone staircase leading down.
Found 2 stones.
You miscast Foxfire.
You are very lightly contaminated with residual magic.
Nothing appears to happen.
You conjure some foxfire!
You conjure some foxfire!
The foxfire hits the kobold but does no damage.
The kobold barely misses you.
You conjure some foxfire!
The foxfire hits the kobold.
The kobold is heavily wounded.
The foxfire hits the kobold.
You kill the kobold!
Your foxfire dissipates!
Your foxfire dissipates!
Your foxfire dissipates!
Your magical contamination has completely faded away.
You now have 42 gold pieces (gained 17).
Sigmund the Dreaded comes into view.
He is wielding a +4 scythe of protection.
Sigmund shouts!
You conjure some foxfire!
Sigmund hits you from afar with a +4 scythe of protection!
Ouch! That really hurt!
* * * LOW HITPOINT WARNING * * *
The foxfire hits Sigmund.
Sigmund is lightly wounded.
You are too injured to fight recklessly!
Casting: Foxfire (safe; 9% risk of failure)
Confirm with . or Enter, or press ? or * to list all spells.
You conjure some foxfire!
Your foxfire dissipates!
The foxfire hits Sigmund but does no damage.
Sigmund is lightly wounded.
Sigmund hits you from afar with a +4 scythe of protection.
* * * LOW HITPOINT WARNING * * *
Casting: Foxfire (safe; 9% risk of failure)
Confirm with . or Enter, or press ? or * to list all spells.
You conjure some foxfire!
Sigmund hits you from afar with a +4 scythe of protection!
You die...

##.. #§# #.##.# #...# #
.....##.##### #...†###...###
#..........# ###...........
#..###.###.# ##..........
........# #.# #..........
######### #.# #.###...###
#####@######.# #...# #
##....v..##...###...###
#######.#...@.....#..........
#......##..v......####.......
#.....###.^...........)......
#....## #.........(..........
#.....###....................
#......##.........###........
#######.#.........# #....#.##
##..........# ....>..#
#..........# .....#.#


You could see Sigmund (ally target).

Vanquished Creatures
  2 dart slugs (D:1)
  A bat (D:1)
  An endoplasm (D:1)
  5 giant cockroaches
  A hobgoblin (D:1)
  2 ball pythons
  2 kobolds
  2 rats (D:1)
16 creatures vanquished.

Vanquished Creatures (others)
  60 foxfires
60 creatures vanquished.

Grand Total: 76 creatures vanquished

Notes
Turn   | Place    | Note
-------+----------+-------------------------------------------
     0 | D:1      | gelatine the Demonspawn Fire Elementalist began the quest
                  | for the Orb.
     0 | D:1      | Reached XP level 1. HP: 13/13 MP: 3/3
   203 | D:1      | Reached skill level 3 in Fire Magic
   261 | D:1      | Gained mutation: You have a small tail. [demonic ancestry]
   261 | D:1      | Reached XP level 2. HP: 19/19 MP: 0/5
  1263 | D:2      | Noticed Sigmund
  1276 | D:2      | Slain by Sigmund

Illustrated notes

Levels and vault maps discovered:
D:1:      dpeg_arrival_rhombi, layout_loops_ring, solitary_fountain,
          minmay_worlds_worst_comb
D:2:      layout_loops_cross, hellmonk_ecumenical_altar_watching_god, hex_tiny,
          minivault_19, minmay_misc_feat_cross, uniq_sigmund,
          uniq_crazy_yiuf_cottage

Skill      XL: |  1 |
---------------+----+-----
Fire Magic     | 3 |  3.2
Dodging        | |  1.8
Stealth        | |  1.8
Unarmed Combat | |  0.5
Spellcasting   | |  2.2
Conjurations   | |  1.0

Action                     || total
---------------------------++-------
  Melee: Unarmed           ||    26
         Tailslap          ||     3
   Cast: Foxfire           ||    40
 Armour: Robe              ||     5
  Dodge: Dodged            ||    16

Table legend: (Time is in decaauts)
 A = Elapsed time spent in this place.
 B = Non-inter-level travel time spent in this place.
 C = Inter-level travel time spent in this place.
 D = Time resting spent in this place.
 E = Time spent auto-exploring this place.
 F = Levels seen in this place.
 G = Mean time per level.
                   A        B        C        D        E       F      G
               +--------+--------+--------+--------+--------+-----+--------+
         Total |   1275 |   1249 |     26 |      0 |   1104 |   2 |  637.5 |
       Dungeon |   1275 |   1249 |     26 |      0 |   1104 |   2 |  637.5 |
               +--------+--------+--------+--------+--------+-----+--------+

Top non-repeatable levels by time:
     D:1: 1022 daAuts
     D:2: 253 daAuts
